 Dungeon Crawl Stone Soup version 0.23.1-37-gaa34b87 (webtiles) character file.

Game seed: 9153515754726832663

50204 Fang the Fighter (level 14, -6/142 HPs)
             Began as a Gargoyle Berserker on Mar 22, 2019.
             Was a High Priest of Trog.
             Mangled by Kirke (13 damage)
             ... on level 12 of the Dungeon on Mar 25, 2019.
             The game lasted 00:30:33 (22439 turns).

Fang the Fighter (Gargoyle Berserker)              Turns: 22439, Time: 00:30:34

Health: -6/142     AC:  0    Str: 30    XL:     14   Next: 54%
Magic:  14/14      EV: 19    Int:  9    God:    Trog [*****.]
Gold:   1250       SH:  0    Dex:  9    Spells: 13/13 levels left

rFire    . . .     SeeInvis .   (weapon currently unavailable)
rCold    . . .     Gourm    +   (shield currently unavailable)
rNeg     + . .     Faith    .   (armour currently unavailable)
rPois    ∞         Spirit   .   (helmet currently unavailable)
rElec    .         Reflect  .   (cloak currently unavailable)
rCorr    .         Harm     .   (gloves currently unavailable)
MR       +....                  (boots currently unavailable)
Stlth    ..........             o - amulet of the gourmand
HPRegen  0.33/turn              (ring currently unavailable)
MPRegen  0.14/turn              (ring currently unavailable)

@: confused, berserking, pig-form, flying, very quick
A: small, negative energy resistance 1, petrification resistance, rot immunity,
AC +10
a: Berserk, Trog's Hand, Brothers in Arms, Renounce Religion


You were on level 12 of the Dungeon.
You worshipped Trog.
Trog was extremely pleased with you.
You were very full.
You were a filthy swine.
You visited 5 branches of the dungeon, and saw 21 of its levels.
You also visited: Bailey.

You collected 1429 gold pieces.
You spent 179 gold pieces at shops.

Inventory:

Hand Weapons
 v - a +0 war axe
 C - a +2 war axe of freezing
 E - the +4 executioner's axe of the Pharaoh's Fist (melded) {chop, rPois}
   (Trog gifted it to you on level 1 of the Lair of Beasts)

   It inflicts extra damage upon your enemies.
   It protects you from poison.
 M - a +3 battleaxe of electrocution
Armour
 w - a +4 plate armour (melded)
 H - the +1 helmet of the Princeling (melded) {rN+ Regen+}
   (You found it on level 4 of the Lair of Beasts)

   It protects you from negative energy.
   It increases your rate of regeneration.
Jewellery
 d - an uncursed amulet of the acrobat
 g - a ring of see invisible (melded)
 o - an amulet of the gourmand (around neck)
 r - the amulet "Uhanyptu" {RegenMP *Corrode rElec rF+ Int+5}
   (You found it on level 9 of the Dungeon)

   [amulet of magic regeneration]

   It increases your magic regeneration.
   It affects your intelligence (+5).
   It protects you from fire.
   It insulates you from electricity.
   It may corrode you when you take damage.
 I - a +1 ring of protection
 J - a +4 ring of dexterity (melded)
Wands
 j - a wand of iceblast (5)
 x - a wand of scattershot (16)
 y - a wand of random effects (13)
 z - a wand of polymorph (10)
 D - a wand of flame (13)
Scrolls
 h - 11 scrolls of remove curse
 k - 7 scrolls of teleportation
 m - 6 scrolls of identify
 p - 2 scrolls of fog
 B - 3 scrolls of blinking
 F - 3 scrolls of magic mapping
Potions
 b - a potion of berserk rage
 e - a potion of brilliance
 f - 5 potions of curing
 l - 7 potions of agility
 n - a potion of might
 q - 3 potions of cancellation
 s - 2 potions of resistance
 t - 2 potions of mutation
 A - 3 potions of ambrosia
 G - a potion of heal wounds
Comestibles
 c - 39 rations
 i - 6 chunks of flesh


   Skills:
 + Level 13.7 Fighting
 + Level 11.8 Axes
 + Level 13.5 Armour
 + Level 10.8 Dodging


You had 13 spell levels left.
You didn't know any spells.
Your spell library was empty.

Dungeon Overview and Level Annotations

Branches:
Dungeon (12/15)            Temple (1/1) D:7            Lair (6/6) D:8
 Shoals (0/4) Lair:3       Spider (1/4) Lair:3        Slime (0/5) Lair:5
    Orc (1/2) D:9

Altars:
Dithmenos
Kikubaaqudgha
Sif Muna
Uskayaw
Vehumet
Xom
The Shining One
Jiyva

Shops:
D:9 *   D:10 (   D:11 ***

Portals:
Trove: D:11 (give +6 demon blade)

Annotations:
D:12 Kirke
Lair:2 exclusion: 2 oklob plants
Lair:5 1 runed translucent door


Innate Abilities, Weirdness & Mutations

You are resistant to torment.
((Your stone body is resilient. (AC +10)))
You are immune to poison.
((Your large and strong wings let you fly indefinitely.))
You resist negative energy. (rN+)
((You are resistant to electric shocks. (rElec)))
((You can survive without breathing.))
You are immune to petrification.
You are immune to rotting.


Message History

The harpy barely misses you. x2
You hear some strange, mumbled words.
You are confused.
You barely miss Kirke.
Kirke is moderately wounded.
The harpy claws you! x2; The hog misses you.
Kirke hits you.
* * * LOW HITPOINT WARNING * * *
The harpy claws you!!
* * * LOW HITPOINT WARNING * * *
The harpy barely misses you.
You bite Kirke!
Kirke is heavily wounded.
Something hits you.
* * * LOW HITPOINT WARNING * * *
The hog barely misses you. The harpy misses you. The harpy claws you!
* * * LOW HITPOINT WARNING * * *
You bite Kirke!
Kirke is heavily wounded.
The harpy closely misses you. The harpy completely misses you. Kirke hits you!
You die...

............#.. .......
.............##.
......................#.
........................
....... ................
....... #...#..........
.....hH## #.............
#.#..#@{###......###....
#....hh.........#......
##...HH................
#.....................
##......#..#..........
###....####..........
##.### .......<... ###
###..#...... ##.##.....
#####......


You could see Kirke, a manticore, 2 harpies and 2 hogs.

Vanquished Creatures
  A fire dragon (Lair:6)
  Harold (D:7)
  4 hydras
  2 catoblepae
  6 death yaks (Lair:5)
  A deep troll earth mage (D:12)
  Nergalle (Lair:2)
  A fire crab (Lair:6)
  A lindwurm (Lair:5)
  2 ugly things
  A manticore (Lair:3)
  Psyche (D:9)
  3 molten gargoyles (Lair:6)
  3 elephants (Lair:4)
  7 black mambas
  A gargoyle (D:12)
  A torpor snail (Lair:6)
  9 spiny frogs
  3 rime drakes
  10 komodo dragons
  A troll (D:9)
  2 hornets
  7 hippogriffs
  9 blink frogs (Lair:6)
  3 slime creatures (D:12)
  3 redbacks (Lair:3)
  52 yaks
  6 basilisks
  Eustachio (D:5)
  3 hogs (D:12)
  A hungry ghost (D:9)
  11 water moccasins
  9 porcupines
  2 hell hounds (Lair:6)
  2 phantoms
  7 orc warriors
  4 ice beasts
  5 necrophages (Lair:5)
  2 black bears
  4 sky beasts
  7 ogres
  17 wolves
  5 centaurs
  9 crocodiles
  3 big kobolds
  18 bullfrogs
  7 scorpions
  13 killer bees (D:10)
  5 wights (D:8)
  4 electric eels (D:9)
  4 howler monkeys
  2 centaur zombies (D:6)
  5 crimson imps
  5 lava snakes (Lair:6)
  10 hounds
  A bullfrog zombie (D:6)
  10 orc priests
  2 jellies
  11 orc wizards
  6 bullfrog skeletons
  6 hell rats
  8 worker ants
  An iguana (D:7)
  2 killer bee zombies
  3 hound zombies
  3 hound skeletons
  3 gnolls (D:6)
  2 howler monkey skeletons
  17 adders
  14 river rats
  3 shadow imps
  2 adder zombies (D:6)
  3 adder skeletons
  2 worms (D:2)
  4 dart slugs
  7 leopard geckos
  45 orcs
  10 bats
  2 giant cockroaches (D:3)
  9 goblins
  9 hobgoblins
  16 jackals
  7 quokkas
  4 ball pythons
  A ball python skeleton (D:4)
  4 frilled lizards
  A giant cockroach zombie (D:6)
  22 kobolds
  A leopard gecko skeleton (D:5)
  A quokka skeleton (D:5)
  12 rats
  3 fungi
  3 plants
  A withered plant (D:6)
568 creatures vanquished.

Vanquished Creatures (collateral kills)
  A hydra (Lair:4)
  A black mamba (Lair:5)
  A hell hound (Lair:6)
3 creatures vanquished.

Vanquished Creatures (others)
  An orc wizard (D:9)
  A fungus (D:8)
  A plant (Lair:5)
3 creatures vanquished.

Grand Total: 574 creatures vanquished

Notes
Turn   | Place    | Note
-------+----------+-------------------------------------------
     0 | D:1      | Fang the Gargoyle Berserker began the quest for the Orb.
     0 | D:1      | Reached XP level 1. HP: 14/14 MP: 1/1
   154 | D:1      | Reached XP level 2. HP: 11/19 MP: 2/2
  1000 | D:2      | Reached XP level 3. HP: 18/23 MP: 3/3
  1059 | D:2      | Reached XP level 4. HP: 10/29 MP: 4/4
  1215 | D:2      | Found a shadowy altar of Dithmenos.
  1402 | D:2      | Reached ** piety under Trog
  1814 | D:2      | Reached XP level 5. HP: 17/33 MP: 5/5
  2496 | D:3      | Reached XP level 6. HP: 12/39 MP: 6/6
  3231 | D:4      | Reached *** piety under Trog
  3538 | D:4      | Reached skill level 5 in Fighting
  3542 | D:4      | Reached XP level 7. HP: 9/44 MP: 7/7
  3853 | D:4      | Found a radiant altar of Vehumet.
  4678 | D:5      | Entered Level 5 of the Dungeon
  4786 | D:5      | Reached skill level 5 in Armour
  5401 | D:5      | Noticed Eustachio
  5445 | D:5      | Killed Eustachio
  5445 | D:5      | Reached XP level 8. HP: 17/51 MP: 8/8
  5530 | D:5      | Reached skill level 5 in Axes
  6245 | D:6      | Noticed a +0 dagger
  6246 | D:6      | Noticed a +0 hand axe
  6276 | D:6      | Found a hide-covered altar of Uskayaw.
  6467 | D:6      | Found an ancient bone altar of Kikubaaqudgha.
  6581 | D:6      | Reached XP level 9. HP: 22/56 MP: 9/9
  7080 | D:6      | Reached **** piety under Trog
  7144 | D:6      | Reached skill level 5 in Dodging
  8475 | D:7      | Noticed Harold
  8504 | D:7      | Killed Harold
  8663 | D:7      | Found a staircase to the Ecumenical Temple.
  8730 | D:7      | Reached XP level 10. HP: 55/64 MP: 10/10
  8814 | Temple   | Entered the Ecumenical Temple
  9006 | D:8      | Found a staircase to the Lair.
  9190 | D:8      | Found a flagged portal.
  9208 | Bailey   | Entered a bailey
 10043 | D:8      | Found a deep blue altar of Sif Muna.
 10436 | D:9      | Found Amnon's Assorted Antiques.
 10437 | D:9      | Noticed Psyche
 10447 | D:9      | Killed Psyche
 10583 | D:9      | Got a vibrating garnet amulet
 10599 | D:9      | Found a shimmering altar of Xom.
 11184 | D:9      | Reached XP level 11. HP: 71/71 MP: 11/11
 11209 | D:9      | Reached ***** piety under Trog
 11310 | D:9      | Received a gift from Trog
 11649 | D:9      | Found a staircase to the Orcish Mines.
 11779 | D:9      | Identified the amulet "Uhanyptu" {RegenMP *Corrode rElec
                  | rF+ Int+5} (You found it on level 9 of the Dungeon)
 11784 | D:10     | Entered Level 10 of the Dungeon
 11904 | D:10     | Reached skill level 10 in Fighting
 12480 | D:10     | Found Etetaap's Weapon Shop.
 12672 | D:10     | Reached skill level 10 in Armour
 12919 | D:11     | Found a portal to a secret trove of treasure.
 13068 | D:11     | Received a gift from Trog
 13517 | D:11     | Found Dosode Bogyk's Assorted Antiques.
 14017 | D:11     | Found Feeqapt's General Store.
 14114 | D:11     | Noticed a red ugly thing
 14120 | D:11     | Killed a red ugly thing
 14182 | D:11     | Found Vewkuw's Assorted Antiques.
 14185 | D:11     | Bought a sedimented silvery potion for 29 gold pieces
 14295 | Lair:1   | Entered Level 1 of the Lair of Beasts
 14330 | Lair:1   | Reached XP level 12. HP: 54/79 MP: 12/12
 14574 | Lair:1   | Received a gift from Trog
 14581 | Lair:1   | Got a fine executioner's axe {god gift}
 14582 | Lair:1   | Identified the +4 executioner's axe of the Pharaoh's Fist
                  | {chop, rPois} (Trog gifted it to you on level 1 of the Lair
                  | of Beasts)
 15691 | Lair:2   | Noticed Nergalle
 15709 | Lair:2   | Killed Nergalle
 15961 | Lair:2   | You fall through a shaft for 2 floors!
 16346 | Lair:4   | Noticed a five-headed hydra
 16354 | Lair:4   | Killed a six-headed hydra
 16354 | Lair:4   | Reached skill level 10 in Axes
 16861 | Lair:4   | Got a faintly humming helmet
 16867 | Lair:4   | Identified the +1 helmet of the Princeling {rN+ Regen+}
                  | (You found it on level 4 of the Lair of Beasts)
 16956 | Lair:3   | Found a staircase to the Shoals.
 17052 | Lair:3   | Found a glowing golden altar of the Shining One.
 17092 | Lair:3   | Reached XP level 13. HP: 82/86 MP: 13/13
 17129 | Lair:3   | Received a gift from Trog
 17525 | Lair:3   | Found a hole to the Spider Nest.
 18453 | Spider:1 | Entered Level 1 of the Spider Nest
 18788 | Lair:5   | Found a runed translucent door.
 18794 | Lair:5   | Found a viscous altar of Jiyva.
 18794 | Lair:5   | Found a staircase to the Slime Pits.
 18794 | Lair:5   | Noticed an azure jelly
 18864 | Lair:5   | HP: 1/87 [death yak (15)]
 18873 | Lair:5   | Reached skill level 10 in Dodging
 19275 | D:11     | Bought 2 potions of heal wounds for 150 gold pieces
 19850 | Lair:6   | Entered Level 6 of the Lair of Beasts
 19941 | Lair:6   | Gained mutation: Your large and strong wings let you fly
                  | indefinitely. [Gargoyle growth]
 19941 | Lair:6   | Reached XP level 14. HP: 94/94 MP: 14/14
 20508 | Lair:6   | Found a large runed translucent door.
 20509 | Lair:6   | Found a large runed translucent door.
 20548 | Lair:6   | HP: 4/94 [seven-headed hydra (3)]
 22019 | Orc:1    | Entered Level 1 of the Orcish Mines
 22425 | D:12     | Noticed Kirke
 22438 | D:12     | HP: 7/142 [harpy[Kirke] (12)]
 22439 | D:12     | Mangled by Kirke

Skill      XL: |  1  2  3  4  5  6  7  8  9 10 11 12 13 14 |
---------------+-------------------------------------------+-----
Axes           | 3 4 5 6 8 9 10 11 | 11.8
Dodging        | 2 3 4 5 7 8 9 10 | 10.8
Armour         | 3 4 5 6 7 9 10 11 12 13 | 13.5
Fighting       | 4 5 6 8 9 10 12 13 | 13.7

Action                   |  1- 3 |  4- 6 |  7- 9 | 10-12 | 13-15 || total
-------------------------+-------+-------+-------+-------+-------++-------
Melee: Hand axe          |    78 |   336 |   291 |       |       ||   705
       War axe           |       |       |   375 |   601 |       ||   976
       Executioner's axe |       |       |       |   198 |   409 ||   607
       Unarmed           |       |       |       |       |     6 ||     6
Invok: Berserk           |       |     2 |     4 |     6 |    11 ||    23
       Trog's Hand       |       |       |     1 |       |     2 ||     3
       Brothers in Arms  |       |       |       |     1 |     4 ||     5
 Abil: Fly               |       |       |       |       |     1 ||     1
Evoke: Wand              |       |       |       |     1 |       ||     1
  Use: Scroll            |       |       |    21 |     7 |     6 ||    34
       Potion            |       |       |       |       |     6 ||     6
 Stab: Petrified         |       |       |       |       |     4 ||     4
       Distracted        |       |       |       |       |     1 ||     1
  Eat: Chunk             |       |    10 |    20 |    51 |    30 ||   111
       Ration            |       |       |     1 |     1 |       ||     2
Armor: Animal skin       |    37 |   172 |    34 |       |       ||   243
       Chain mail        |       |       |   211 |       |       ||   211
       Plate armour      |       |       |   295 |   768 |   578 ||  1641
Dodge: Dodged            |    81 |   302 |   327 |   572 |   523 ||  1805
